 Dungeon Crawl Stone Soup version 0.29.0-4-gdea44cf6ec (webtiles) character file.

Game seed: 14719559819143746084

91934 qw the Warrior (level 15, -34/152 HPs)
             Began as a Minotaur Berserker on Sept 8, 2022.
             Was an Elder of Trog.
             Annihilated by a white very ugly thing (47 damage)
             ... on level 15 of the Dungeon.
             The game lasted 00:08:39 (26415 turns).

qw the Warrior (Minotaur Berserker)                Turns: 26415, Time: 00:08:40

Health: -34/152    AC: 27    Str: 34    XL:     15   Next: 56%
Magic:  14/14      EV:  9    Int:  4    God:    Trog [****..]
Gold:   1124       SH: 16    Dex: 11    Spells: 14/14 levels left

rFire   + . .      SeeInvis .   Y - +1 war axe (flame)
rCold   . . .      Faith    .   l - +0 tower shield
rNeg    . . .      Spirit   .   w - +2 plate armour {Will+}
rPois   +          Reflect  .   (helmet restricted)
rElec   .          Harm     .   e - +0 cloak
rCorr   .          Rampage  .   b - +2 pair of gloves
Will    ++...                   q - +0 pair of boots
Stlth   ..........              h - amulet "Qetuitudgh" {Acrobat rF+ Str+6}
HPRegen 0.35/turn               j - ring of poison resistance
MPRegen 0.14/turn               f - +4 ring of slaying {mikee}

@: about to teleport, on berserk cooldown, slowed, very slow
A: horns 2, retaliatory headbutt
a: Renounce Religion, Berserk, Trog's Hand, Brothers in Arms


You were on level 15 of the Dungeon.
You worshipped Trog.
Trog was greatly pleased with you.
You visited 2 branches of the dungeon, and saw 20 of its levels.
You also visited: Gauntlet.

You collected 1374 gold pieces.
You spent 250 gold pieces at shops.


Innate Abilities, Weirdness & Mutations

You have a pair of horns on your head.
You reflexively headbutt those who attack you in melee.


   Skills:
 - Level 19.0 Fighting
 - Level 16.0 Axes
 - Level 6.3 Throwing
 - Level 17.0 Armour
 - Level 8.4 Dodging
 + Level 11.0 Shields


You had 14 spell levels left.
You didn't know any spells.
Your spell library was empty.

Inventory:

Hand Weapons
 Y - a +1 war axe of flaming (weapon)
Missiles
 t - 2 boomerangs
 u - a silver javelin (quivered)
 v - 6 javelins
Armour
 b - a +2 pair of gloves (worn)
 e - a +0 cloak (worn)
 l - a +0 tower shield (worn)
 q - a +0 pair of boots (worn)
 w - a +2 plate armour of willpower (worn)
Jewellery
 c - an amulet of reflection
 f - a +4 ring of slaying (right hand) {mikee}
 h - the amulet "Qetuitudgh" (around neck) {Acrobat rF+ Str+6}
   (You took it off an orc on level 7 of the Dungeon)

   [amulet of the acrobat]

   It increases your evasion while moving and waiting.
   Str:       It affects your strength (+6).
   rF:        It protects you from fire.
 j - a ring of poison resistance (left hand)
 p - a +4 ring of evasion
 r - a ring of poison resistance
Scrolls
 g - 9 scrolls of identify
 k - 11 scrolls of teleportation
Potions
 a - 4 potions of heal wounds
 d - 10 potions of curing
 i - 2 potions of haste
 m - 3 potions of mutation
 n - a potion of resistance
 o - 3 potions of might

Dungeon Overview and Level Annotations

Branches:
Dungeon (15/15)            Temple (0/1) D:5            Lair (5/5) D:10
  Swamp (0/4) Lair:2       Spider (0/4) Lair:3        Slime (0/5) Lair:5
    Orc (0/2) D:9          Vaults (0/5) D:13        Gauntlet (visited)
 Depths: D:15

Altars:
Vehumet
Xom
Zin
Jiyva

Shops:
D:2 ?   D:4 *   D:10 [

Annotations:
D:4 2 transporters
D:12 2 transporters, Uwkeq's ghost, journeyman MiFi
Lair:4 2 transporters


Message History

You headbutt the red ugly thing.
The red ugly thing is severely wounded.
You hit the white ugly thing. You burn the white ugly thing.
You block the red ugly thing's attack.
The white ugly thing basks in the mutagenic energy from its kin and changes!
You completely miss the red ugly thing.
The red ugly thing is lightly wounded.
You hit the white very ugly thing. You burn the white very ugly thing.
The white very ugly thing headbutts you!
The white very ugly thing freezes you!!
You slash the white very ugly thing! You burn the white very ugly thing.
The white very ugly thing is lightly wounded.
You slash the red ugly thing! You block the red ugly thing's attack.
The white very ugly thing headbutts you but does no damage.
The red ugly thing basks in the mutagenic energy from its kin and changes!
You slice the white very ugly thing!! You burn the white very ugly thing!
Your headbutt misses the white very ugly thing.
The white very ugly thing is heavily wounded.
You slice the red ugly thing!! You burn the red ugly thing.
You block the red ugly thing's attack.
You block the white very ugly thing's attack.
You block the red ugly thing's attack.
The white very ugly thing headbutts you but does no damage.
You completely miss the white very ugly thing.
The white very ugly thing is heavily wounded.
You barely miss the red ugly thing. The red ugly thing barely misses you.
The white very ugly thing headbutts you.
The white very ugly thing freezes you!!!
A white ugly thing comes into view.
You block the white ugly thing's attack.
26415 ||| READING 12 scrolls of teleportation.
As you read the scroll of teleportation, it crumbles to dust.
You feel strangely unstable.
The white ugly thing gurgles horribly!
The red ugly thing basks in the mutagenic energy from its kin and changes!
The white very ugly thing headbutts you.
The white very ugly thing freezes you!!!
You die...

.......).......
.....
###.###<###.##. .
....# #.......# ..
.... #..##.#.#
...#... #.....#.#.
u .....###.........
...#........####.#.
......u####.# .#..
......u@...)# .# ..
......u).$...(...#
...
.#.....###########
....... ....##.
.... .. ### ##


You could see a white very ugly thing and 3 ugly things.

Vanquished Creatures
  Agnes (D:14)
  Louise (D:14)
  Azrael (D:14)
  A minotaur (Gauntlet)
  Josephine (Lair:4)
  An ogre mage (D:13)
  5 boulder beetles
  7 hydras
  Erica (D:8)
  2 catoblepae
  4 centaur warriors
  8 two-headed ogres
  A deep troll shaman (Lair:5)
  A tengu warrior (D:13)
  22 death yaks
  A deep elf knight (D:13)
  A skeletal warrior (D:13)
  An orb spider (Lair:3)
  A lindwurm (Lair:5)
  2 deep elf zephyrmancers (D:13)
  2 deep elf pyromancers (D:13)
  4 oklob plants (Lair:5)
  2 cyclopes
  11 ugly things
  A wolf spider (D:14)
  4 manticores
  8 elephants (Lair:5)
  An eye of devastation (Gauntlet)
  3 black mambas
  10 cane toads
  An unseen horror (D:11)
  A minotaur zombie (Gauntlet)
  2 kobold demonologists
  7 rime drakes
  3 centaur skeletons (D:13)
  13 komodo dragons
  3 yaktaurs
  2 trolls (D:12)
  4 red devils (D:12)
  3 meliai (D:15)
  3 polar bears
  6 slime creatures (D:12)
  Prince Ribbit (D:7)
  18 blink frogs
  A water elemental (D:12)
  27 yaks
  10 wraiths
  5 wyverns
  A vampire (D:12)
  A golden eye (Gauntlet)
  A golden eye (shapeshifter) (D:14)
  6 basilisks
  7 vampire mosquitoes
  3 steam dragons
  3 acid dragons
  5 swamp worms
  Duvessa (D:7)
  A floating eye (Gauntlet)
  6 hell hounds (D:14)
  20 water moccasins
  A meliai simulacrum (D:14)
  6 sky beasts
  3 ice beasts
  8 orc warriors
  4 black bears
  9 wolves
  2 ogres
  3 phantoms
  13 centaurs
  4 kobold brigands
  2 scorpions (D:5)
  18 bullfrogs
  A necrophage (D:7)
  Dowan (D:7)
  20 killer bees
  8 electric eels
  10 howler monkeys
  2 jellies
  3 gnoll boudas
  5 orc priests
  5 hounds
  6 iguanas
  9 orc wizards
  A boggart skeleton (D:13)
  8 gnolls (D:7)
  10 adders
  A shadow imp (D:6)
  2 white imps (D:9)
  2 ufetubi
  3 dart slugs
  69 orcs
  7 endoplasms
  4 giant cockroaches
  8 goblins
  5 hobgoblins
  8 jackals
  2 quokkas
  3 ball pythons
  7 bats
  3 frilled lizards
  22 kobolds
  13 rats
595 creatures vanquished.

Vanquished Creatures (collateral kills)
  4 death yaks (Lair:4)
  An apocalypse crab (Gauntlet)
  A minotaur zombie (Gauntlet)
  2 blink frogs (Lair:1)
  A yak (Lair:4)
  2 hell hounds (D:14)
  An orc priest (D:9)
12 creatures vanquished.

Vanquished Creatures (others)
  A kobold brigand (D:5)
  24 fungi
  43 plants
68 creatures vanquished.

Grand Total: 675 creatures vanquished

Notes
Turn   | Place    | Note
-------+----------+-------------------------------------------
     0 | D:1      | qw the Minotaur Berserker began the quest for the Orb.
     0 | D:1      | Reached XP level 1. HP: 19/19 MP: 0/0
     0 | D:1      | 0 ||| qw: Version: 0.1-a-112-g44dc6cd
     0 | D:1      | 0 ||| qw: Game counter: 6693
     0 | D:1      | 0 ||| qw: Always use a shield: true
     0 | D:1      | 0 ||| qw: Do Orc after D:15 true
     0 | D:1      | 0 ||| qw: Do second Lair branch before Depths: true
     0 | D:1      | 0 ||| qw: Lair rune preference: random
     0 | D:1      | 0 ||| qw: Plans: Normal
     0 | D:1      | 0 ||| PLANNING D:1-11
   304 | D:1      | 304 ||| Stepping ~*~*~tactically~*~*~ (stealth).
   317 | D:1      | Reached XP level 2. HP: 20/26 MP: 1/1
   373 | D:1      | 373 ||| Stepping ~*~*~tactically~*~*~ (stealth).
   792 | D:1      | Reached XP level 3. HP: 27/31 MP: 2/2
   901 | D:1      | Reached ** piety under Trog
   912 | D:1      | 912 ||| Stepping ~*~*~tactically~*~*~ (stealth).
   913 | D:1      | 913 ||| Stepping ~*~*~tactically~*~*~ (stealth).
   982 | D:1      | 982 ||| UPGRADING to +0 leather armour.
   992 | D:1      | 992 ||| DROPPING +0 animal skin.
   993 | D:1      | 993 ||| READING scroll labelled MUZEDE BUCAE.
   994 | D:1      | 994 ||| READING scroll labelled SYN VALALAMELU.
   995 | D:1      | 995 ||| READING 2 scrolls labelled WUGIOL SEAJAB.
   996 | D:1      | 996 ||| READING scroll labelled FUQEIQ OHILUECK.
   997 | D:1      | 997 ||| READING scroll labelled IRAOGI XATO.
  1038 | D:2      | Found Efext's Magic Scroll Shop.
  1057 | D:2      | 1057 ||| BUYING 2 scrolls of identify (48 gold).
  1057 | D:2      | Bought 2 scrolls of identify for 48 gold pieces
  1057 | D:2      | 1057 ||| SHOPLISTING 3 scrolls of teleportation (108 gold,
                  | have 14).
  1057 | D:2      | 1057 ||| SHOPLISTING scroll of identify (24 gold, have 14).
  1057 | D:2      | 1057 ||| SHOPLISTING scroll of teleportation (36 gold, have
                  | 14).
  1215 | D:2      | 1215 ||| FLEEEEING.
  1216 | D:2      | 1216 ||| FLEEEEING.
  1217 | D:2      | 1217 ||| FLEEEEING.
  1220 | D:2      | 1220 ||| FLEEEEING.
  1221 | D:2      | 1221 ||| FLEEEEING.
  1222 | D:2      | 1222 ||| FLEEEEING.
  1223 | D:2      | 1223 ||| FLEEEEING.
  1227 | D:2      | 1227 ||| FLEEEEING.
  1228 | D:2      | 1228 ||| FLEEEEING.
  1229 | D:2      | 1229 ||| FLEEEEING.
  1230 | D:2      | 1230 ||| FLEEEEING.
  1232 | D:2      | 1232 ||| FLEEEEING.
  1234 | D:2      | 1234 ||| FLEEEEING.
  1235 | D:2      | 1235 ||| STAIRDANCE
  1279 | D:1      | 1279 ||| READING 2 scrolls labelled VEAFRE ZAYRA.
  1280 | D:1      | 1280 ||| READING scroll labelled ZEYCZI OMYST.
  1281 | D:1      | 1281 ||| READING 4 scrolls of identify.
  1281 | D:1      | 1281 ||| IDENTIFYING yellow potion
  1282 | D:1      | 1282 ||| DROPPING scroll of summoning.
  1283 | D:1      | 1283 ||| DROPPING potion of degeneration.
  1314 | D:2      | Reached XP level 4. HP: 39/39 MP: 3/3
  1315 | D:2      | Reached skill level 6 in Axes
  1324 | D:2      | 1324 ||| INVOKING Berserk.
  1345 | D:2      | 1345 ||| FLEEEEING.
  1346 | D:2      | 1346 ||| FLEEEEING.
  1348 | D:2      | 1348 ||| STAIRDANCE
  1525 | D:2      | 1525 ||| Stepping ~*~*~tactically~*~*~ (stealth).
  1538 | D:2      | 1538 ||| DROPPING +0 club.
  1625 | D:2      | Found a shimmering altar of Xom.
  1776 | D:2      | Found a faded altar of an unknown god.
  1777 | D:2      | 1777 ||| READING 2 scrolls labelled QASA JAFUODU.
  1780 | D:2      | 1780 ||| READING scroll labelled OQAN RATUPU.
  1781 | D:2      | 1781 ||| READING 5 scrolls of identify.
  1781 | D:2      | 1781 ||| IDENTIFYING white potion
  1795 | D:3      | 1795 ||| STAIRDANCE
  2107 | D:3      | 2107 ||| Stepping ~*~*~tactically~*~*~ (hiding).
  2108 | D:3      | 2108 ||| Stepping ~*~*~tactically~*~*~ (hiding).
  2446 | D:3      | 2446 ||| DROPPING +0 whip.
  2537 | D:3      | 2537 ||| UPGRADING to +0 ring mail.
  2547 | D:3      | 2547 ||| DROPPING +0 leather armour.
  2548 | D:3      | 2548 ||| UPGRADING to +6 ring of strength.
  2549 | D:3      | 2549 ||| READING scroll labelled VUFRIMOELOAP.
  2550 | D:3      | 2550 ||| READING 3 scrolls labelled HUKUAN FERGHUDA.
  2551 | D:3      | 2551 ||| READING scroll labelled OLIYL HIPH.
  2552 | D:3      | 2552 ||| READING 4 scrolls of identify.
  2552 | D:3      | 2552 ||| IDENTIFYING fizzy sapphire potion
  2553 | D:3      | 2553 ||| READING 3 scrolls of identify.
  2553 | D:3      | 2553 ||| IDENTIFYING emerald potion
  2554 | D:3      | 2554 ||| DROPPING 2 scrolls of blinking.
  2555 | D:3      | 2555 ||| READING scroll of teleportation.
  2583 | D:4      | 2583 ||| STAIRDANCE
  2588 | D:3      | 2588 ||| UPGRADING to +0 chain mail.
  2598 | D:3      | 2598 ||| DROPPING +0 ring mail.
  2607 | D:4      | 2607 ||| DROPPING +0 whip of freezing.
  2672 | D:4      | Found a transporter.
  2690 | D:4      | Noticed a phantom
  2698 | D:4      | Killed a phantom
  2699 | D:4      | Reached XP level 5. HP: 43/45 MP: 4/4
  2735 | D:4      | Found Juqefogg's Assorted Antiques.
  2756 | D:4      | Reached *** piety under Trog
  2761 | D:4      | 2761 ||| BUYING glowing flail (110 gold).
  2761 | D:4      | Bought a glowing flail for 110 gold pieces
  2761 | D:4      | 2761 ||| SHOPLISTING glowing hand axe (102 gold, have 53).
  2761 | D:4      | 2761 ||| BUYING scroll of identify (34 gold).
  2761 | D:4      | Bought a scroll of identify for 34 gold pieces
  2761 | D:4      | 2761 ||| SHOPLISTING scroll of identify (34 gold, have 19).
  2761 | D:4      | 2761 ||| DROPPING +0 flail.
  2765 | D:4      | Found a transporter.
  2794 | D:4      | Reached skill level 1 in Throwing
  2810 | D:4      | Reached skill level 4 in Fighting
  3019 | D:4      | 3019 ||| Stepping ~*~*~tactically~*~*~ (stealth).
  3022 | D:4      | 3022 ||| Stepping ~*~*~tactically~*~*~ (stealth).
  3025 | D:4      | 3025 ||| Stepping ~*~*~tactically~*~*~ (stealth).
  3030 | D:4      | 3030 ||| Stepping ~*~*~tactically~*~*~ (stealth).
  3036 | D:4      | Reached XP level 6. HP: 51/52 MP: 5/5
  3381 | D:4      | 3381 ||| Stepping ~*~*~tactically~*~*~ (hiding).
  3933 | D:4      | 3933 ||| UPGRADING to amulet of reflection.
  3938 | D:4      | 3938 ||| UPGRADING to ring of willpower.
  3939 | D:4      | 3939 ||| DRINKING 2 amethyst potions.
  4008 | D:5      | Entered Level 5 of the Dungeon
  4013 | D:5      | Found a staircase to the Ecumenical Temple.
  4025 | D:5      | You fall into a shaft and drop 3 floors!
  4028 | D:8      | Noticed a sky beast
  4039 | D:8      | Killed a sky beast
  4055 | D:8      | 4055 ||| READING scroll of enchant weapon.
  4055 | D:8      | 4055 ||| ENCHANTING +1 hand axe.
  4081 | D:8      | 4081 ||| INVOKING Berserk.
  4084 | D:8      | Reached skill level 9 in Axes
  4084 | D:8      | Reached XP level 7. HP: 59/59 MP: 6/6
  4244 | D:8      | Reached skill level 5 in Fighting
  4252 | D:8      | 4252 ||| INVOKING Berserk.
  4258 | D:8      | Reached skill level 3 in Armour
  4262 | D:8      | HP: 13/61 [poisoned by a killer bee]
  4614 | D:8      | Reached skill level 6 in Fighting
  4737 | D:8      | 4737 ||| READING 5 scrolls of identify.
  4737 | D:8      | 4737 ||| IDENTIFYING fuming brown potion
  4738 | D:8      | 4738 ||| DROPPING potion of lignification.
  4743 | D:8      | Identified the amulet "Qetuitudgh" {Acrobat rF+ Str+6}
  4744 | D:8      | 4744 ||| Stepping ~*~*~tactically~*~*~ (stealth).
  4858 | D:7      | 4858 ||| Stepping ~*~*~tactically~*~*~ (stealth).
  4859 | D:7      | 4859 ||| Stepping ~*~*~tactically~*~*~ (stealth).
  4862 | D:7      | Reached XP level 8. HP: 70/70 MP: 7/7
  4864 | D:7      | 4864 ||| INVOKING Berserk.
  5054 | D:7      | 5054 ||| Stepping ~*~*~tactically~*~*~ (stealth).
  5185 | D:7      | Noticed Prince Ribbit
  5190 | D:7      | 5190 ||| INVOKING Berserk.
  5192 | D:7      | Reached skill level 12 in Axes
  5221 | D:7      | Killed Prince Ribbit
  5222 | D:7      | Reached skill level 7 in Fighting
  5459 | D:7      | 5459 ||| INVOKING Berserk.
  5671 | D:7      | 5671 ||| DROPPING amulet of guardian spirit.
  5712 | D:5      | Reached XP level 9. HP: 79/79 MP: 8/8
  5712 | D:5      | 5712 ||| Stepping ~*~*~tactically~*~*~ (stealth).
  5717 | D:5      | 5717 ||| INVOKING Berserk.
  5832 | D:5      | 5832 ||| SWAPPING to +0 hand axe of freezing.
  5833 | D:5      | 5833 ||| DROPPING +2 hand axe.
  5882 | D:5      | 5882 ||| INVOKING Berserk.
  6075 | D:5      | 6075 ||| INVOKING Berserk.
  6451 | D:5      | 6451 ||| Stepping ~*~*~tactically~*~*~ (stealth).
  6469 | D:5      | 6469 ||| Stepping ~*~*~tactically~*~*~ (stealth).
  6475 | D:5      | 6475 ||| Stepping ~*~*~tactically~*~*~ (stealth).
  6476 | D:5      | 6476 ||| Stepping ~*~*~tactically~*~*~ (stealth).
  6479 | D:5      | 6479 ||| Stepping ~*~*~tactically~*~*~ (stealth).
  6480 | D:5      | 6480 ||| Stepping ~*~*~tactically~*~*~ (stealth).
  6482 | D:5      | 6482 ||| Stepping ~*~*~tactically~*~*~ (stealth).
  6483 | D:5      | 6483 ||| FLEEEEING.
  6484 | D:5      | 6484 ||| FLEEEEING.
  6485 | D:5      | 6485 ||| FLEEEEING.
  6486 | D:5      | 6486 ||| FLEEEEING.
  6487 | D:5      | 6487 ||| FLEEEEING.
  6488 | D:5      | 6488 ||| FLEEEEING.
  6489 | D:5      | 6489 ||| FLEEEEING.
  6490 | D:5      | 6490 ||| FLEEEEING.
  6494 | D:5      | 6494 ||| FLEEEEING.
  6495 | D:5      | 6495 ||| FLEEEEING.
  6496 | D:5      | 6496 ||| FLEEEEING.
  6497 | D:5      | 6497 ||| FLEEEEING.
  6498 | D:5      | 6498 ||| FLEEEEING.
  6540 | D:5      | 6540 ||| FLEEEEING.
  6541 | D:5      | 6541 ||| FLEEEEING.
  6542 | D:5      | 6542 ||| FLEEEEING.
  6543 | D:5      | 6543 ||| FLEEEEING.
  6691 | D:5      | Reached **** piety under Trog
  6699 | D:5      | Reached skill level 8 in Fighting
  6848 | D:5      | 6848 ||| INVOKING Berserk.
  6850 | D:5      | Reached skill level 3 in Dodging
  6991 | D:5      | 6991 ||| Stepping ~*~*~tactically~*~*~ (stealth).
  7026 | D:5      | 7026 ||| Stepping ~*~*~tactically~*~*~ (stealth).
  7031 | D:5      | 7031 ||| INVOKING Berserk.
  7154 | D:5      | 7154 ||| UPGRADING to +0 pair of boots.
  7159 | D:5      | 7159 ||| DROPPING ring of ice.
  7160 | D:5      | 7160 ||| UPGRADING to +4 ring of evasion.
  7162 | D:5      | 7162 ||| UPGRADING to +6 ring of strength.
  7164 | D:5      | 7164 ||| DROPPING ring of willpower.
  7165 | D:5      | 7165 ||| READING scroll labelled DUUNTA HUQITAO.
  7165 | D:5      | Identified a scroll of acquirement
  7165 | D:5      | 7165 ||| ACQUIRING +4 ring of slaying
  7165 | D:5      | Acquired a +4 ring of slaying
  7167 | D:5      | 7167 ||| UPGRADING to +4 ring of slaying {mikee}.
  7169 | D:5      | 7169 ||| DROPPING +6 ring of strength.
  7170 | D:5      | 7170 ||| READING scroll labelled ADOWKI HUOPE.
  7171 | D:5      | 7171 ||| DRINKING 2 black potions.
  7318 | D:6      | 7318 ||| Stepping ~*~*~tactically~*~*~ (stealth).
  7362 | D:6      | 7362 ||| INVOKING Berserk.
  7775 | D:6      | Found a glowing silver altar of Zin.
  7779 | D:6      | 7779 ||| Stepping ~*~*~tactically~*~*~ (hiding).
  7780 | D:6      | 7780 ||| Stepping ~*~*~tactically~*~*~ (hiding).
  7885 | D:6      | Found a radiant altar of Vehumet.
  7888 | D:6      | Found a shimmering altar of Xom.
  7999 | D:6      | 7999 ||| READING scroll labelled UGHIRCH KUROHUPP.
  8000 | D:6      | 8000 ||| DROPPING +0 flail of protection.
  8001 | D:6      | 8001 ||| READING scroll labelled SUIXOOM TOICVOPESS.
  8102 | D:6      | 8102 ||| READING 8 scrolls of identify.
  8102 | D:6      | 8102 ||| IDENTIFYING orange potion
  8103 | D:6      | 8103 ||| READING 7 scrolls of identify.
  8103 | D:6      | 8103 ||| IDENTIFYING murky pink potion
  8104 | D:6      | 8104 ||| DROPPING potion of ambrosia.
  8105 | D:6      | 8105 ||| DROPPING potion of flight.
  8130 | D:7      | Noticed Dowan
  8131 | D:7      | Noticed Duvessa
  8133 | D:7      | 8133 ||| INVOKING Berserk.
  8135 | D:7      | Killed Dowan
  8139 | D:7      | Killed Duvessa
  8585 | D:7      | 8585 ||| Stepping ~*~*~tactically~*~*~ (stealth).
  8587 | D:7      | 8587 ||| Stepping ~*~*~tactically~*~*~ (stealth).
  8589 | D:7      | 8589 ||| Stepping ~*~*~tactically~*~*~ (stealth).
  8603 | D:7      | 8603 ||| Stepping ~*~*~tactically~*~*~ (stealth).
  8604 | D:7      | 8604 ||| Stepping ~*~*~tactically~*~*~ (stealth).
  8880 | D:8      | 8880 ||| STAIRDANCE
  8886 | D:7      | 8886 ||| UPGRADING to amulet "Qetuitudgh" {Acrobat rF+
                  | Str+6}.
  8900 | D:8      | 8900 ||| STAIRDANCE
  9006 | D:8      | 9006 ||| STAIRDANCE
  9013 | D:8      | 9013 ||| STAIRDANCE
  9056 | D:8      | 9056 ||| Stepping ~*~*~tactically~*~*~ (hiding).
  9057 | D:8      | 9057 ||| Stepping ~*~*~tactically~*~*~ (hiding).
  9058 | D:8      | 9058 ||| Stepping ~*~*~tactically~*~*~ (hiding).
  9061 | D:8      | 9061 ||| INVOKING Berserk.
  9201 | D:8      | Noticed Erica
  9203 | D:8      | 9203 ||| Stepping ~*~*~tactically~*~*~ (hiding).
  9205 | D:8      | 9205 ||| INVOKING Berserk.
  9210 | D:8      | Killed Erica
  9211 | D:8      | Reached skill level 9 in Fighting
  9211 | D:8      | Reached XP level 10. HP: 91/91 MP: 9/9
  9474 | D:8      | 9474 ||| READING scroll of enchant weapon.
  9474 | D:8      | 9474 ||| ENCHANTING +0 hand axe of flaming.
  9625 | D:8      | 9625 ||| Stepping ~*~*~tactically~*~*~ (stealth).
  9626 | D:8      | 9626 ||| Stepping ~*~*~tactically~*~*~ (stealth).
  9677 | D:8      | 9677 ||| UPGRADING to ring of poison resistance.
  9721 | D:9      | 9721 ||| INVOKING Berserk.
  9723 | D:9      | Reached skill level 6 in Armour
  9742 | D:9      | 9742 ||| FLEEEEING.
  9751 | D:9      | 9751 ||| STAIRDANCE
  9884 | D:9      | 9884 ||| Stepping ~*~*~tactically~*~*~ (stealth).
  9891 | D:9      | 9891 ||| Stepping ~*~*~tactically~*~*~ (stealth).
  9898 | D:9      | Reached skill level 10 in Fighting
  9908 | D:9      | 9908 ||| FLEEEEING.
  9914 | D:9      | 9914 ||| FLEEEEING.
  9915 | D:9      | 9915 ||| FLEEEEING.
  9919 | D:9      | 9919 ||| FLEEEEING.
  9920 | D:9      | 9920 ||| FLEEEEING.
  9921 | D:9      | 9921 ||| FLEEEEING.
  9922 | D:9      | 9922 ||| FLEEEEING.
  9923 | D:9      | 9923 ||| FLEEEEING.
  9926 | D:9      | 9926 ||| FLEEEEING.
  9927 | D:9      | 9927 ||| FLEEEEING.
  9928 | D:9      | 9928 ||| FLEEEEING.
  9930 | D:9      | 9930 ||| FLEEEEING.
  9931 | D:9      | 9931 ||| FLEEEEING.
  9932 | D:9      | 9932 ||| STAIRDANCE
 10007 | D:8      | 10007 ||| UPGRADING to +0 plate armour.
 10017 | D:8      | 10017 ||| DROPPING +0 chain mail.
 10081 | D:9      | 10081 ||| Stepping ~*~*~tactically~*~*~ (stealth).
 10089 | D:9      | 10089 ||| INVOKING Berserk.
 10168 | D:9      | 10168 ||| SWAPPING to +0 war axe.
 10267 | D:9      | 10267 ||| Stepping ~*~*~tactically~*~*~ (stealth).
 10271 | D:9      | 10271 ||| Stepping ~*~*~tactically~*~*~ (hiding).
 10272 | D:9      | 10272 ||| Stepping ~*~*~tactically~*~*~ (hiding).
 10326 | D:9      | Reached ***** piety under Trog
 10328 | D:9      | 10328 ||| INVOKING Berserk.
 10365 | D:9      | 10365 ||| FLEEEEING.
 10366 | D:9      | 10366 ||| FLEEEEING.
 10367 | D:9      | 10367 ||| FLEEEEING.
 10403 | D:9      | 10403 ||| Stepping ~*~*~tactically~*~*~ (hiding).
 10412 | D:9      | 10412 ||| Stepping ~*~*~tactically~*~*~ (stealth).
 10426 | D:9      | 10426 ||| Stepping ~*~*~tactically~*~*~ (hiding).
 10436 | D:9      | 10436 ||| Stepping ~*~*~tactically~*~*~ (stealth).
 10438 | D:9      | 10438 ||| INVOKING Berserk.
 10458 | D:9      | 10458 ||| INVOKING Brothers in Arms.
 10461 | D:9      | Reached skill level 15 in Axes
 10591 | D:9      | Found a staircase to the Orcish Mines.
 10658 | D:9      | 10658 ||| Stepping ~*~*~tactically~*~*~ (stealth).
 10665 | D:9      | 10665 ||| Stepping ~*~*~tactically~*~*~ (stealth).
 10671 | D:9      | 10671 ||| Stepping ~*~*~tactically~*~*~ (stealth).
 10770 | D:9      | 10770 ||| Stepping ~*~*~tactically~*~*~ (hiding).
 10775 | D:9      | 10775 ||| INVOKING Berserk.
 10890 | D:9      | 10890 ||| Stepping ~*~*~tactically~*~*~ (stealth).
 10899 | D:9      | 10899 ||| Stepping ~*~*~tactically~*~*~ (stealth).
 10900 | D:9      | 10900 ||| Stepping ~*~*~tactically~*~*~ (stealth).
 10937 | D:9      | 10937 ||| Stepping ~*~*~tactically~*~*~ (hiding).
 10955 | D:9      | 10955 ||| INVOKING Berserk.
 10958 | D:9      | Reached XP level 11. HP: 100/100 MP: 10/10
 10983 | D:9      | 10983 ||| Stepping ~*~*~tactically~*~*~ (stealth).
 11321 | D:9      | 11321 ||| INVOKING Berserk.
 11498 | D:9      | 11498 ||| UPGRADING to +1 plate armour of willpower.
 11508 | D:9      | 11508 ||| DROPPING +0 plate armour.
 11509 | D:9      | 11509 ||| READING scroll labelled BAOFOPN DONE.
 11728 | D:9      | Noticed a catoblepas
 11729 | D:9      | 11729 ||| Stepping ~*~*~tactically~*~*~ (stealth).
 11731 | D:9      | 11731 ||| Stepping ~*~*~tactically~*~*~ (hiding).
 11736 | D:9      | 11736 ||| Stepping ~*~*~tactically~*~*~ (cloud).
 11737 | D:9      | 11737 ||| INVOKING Berserk.
 11749 | D:9      | Killed a catoblepas
 11829 | D:10     | Entered Level 10 of the Dungeon
 11858 | D:10     | Reached skill level 9 in Armour
 11911 | D:10     | 11911 ||| READING scroll of brand weapon.
 11911 | D:10     | 11911 ||| BRANDING +0 war axe.
 11912 | D:10     | 11912 ||| DROPPING +1 hand axe of flaming.
 12107 | D:10     | Noticed a two-headed ogre
 12108 | D:10     | 12108 ||| Stepping ~*~*~tactically~*~*~ (stealth).
 12109 | D:10     | 12109 ||| Stepping ~*~*~tactically~*~*~ (stealth).
 12110 | D:10     | 12110 ||| Stepping ~*~*~tactically~*~*~ (stealth).
 12114 | D:10     | 12114 ||| INVOKING Berserk.
 12116 | D:10     | Killed a two-headed ogre
 12137 | D:10     | 12137 ||| STAIRDANCE
 12279 | D:10     | Reached skill level 11 in Fighting
 12339 | D:10     | Found a staircase to the Lair.
 12348 | D:10     | 12348 ||| FLEEEEING.
 12349 | D:10     | 12349 ||| FLEEEEING.
 12350 | D:10     | 12350 ||| FLEEEEING.
 12353 | D:10     | 12353 ||| Stepping ~*~*~tactically~*~*~ (hiding).
 12354 | D:10     | 12354 ||| Stepping ~*~*~tactically~*~*~ (hiding).
 12355 | D:10     | 12355 ||| INVOKING Berserk.
 12375 | D:10     | 12375 ||| Stepping ~*~*~tactically~*~*~ (stealth).
 12502 | D:10     | 12502 ||| INVOKING Berserk.
 12636 | D:10     | Found Luvoxkak's Armour Boutique.
 12645 | D:10     | 12645 ||| BUYING +0 pair of gloves (58 gold).
 12645 | D:10     | Bought a +0 pair of gloves for 58 gold pieces
 12925 | D:10     | 12925 ||| Stepping ~*~*~tactically~*~*~ (stealth).
 12928 | D:10     | 12928 ||| Stepping ~*~*~tactically~*~*~ (stealth).
 12931 | D:10     | 12931 ||| Stepping ~*~*~tactically~*~*~ (stealth).
 12944 | D:10     | Reached skill level 12 in Fighting
 13030 | D:10     | 13030 ||| PLANNING LAIR
 13030 | D:10     | 13030 ||| UPGRADING to +0 pair of gloves.
 13054 | Lair:1   | Entered Level 1 of the Lair of Beasts
 13074 | Lair:1   | 13074 ||| Stepping ~*~*~tactically~*~*~ (stealth).
 13075 | Lair:1   | 13075 ||| Stepping ~*~*~tactically~*~*~ (stealth).
 13076 | Lair:1   | 13076 ||| Stepping ~*~*~tactically~*~*~ (stealth).
 13116 | Lair:1   | Identified the +5 ring mail of Autotheism {rC- Will+ Str+5
                  | Stlth+}
 13133 | Lair:1   | 13133 ||| Stepping ~*~*~tactically~*~*~ (stealth).
 13134 | Lair:1   | 13134 ||| Stepping ~*~*~tactically~*~*~ (stealth).
 13135 | Lair:1   | 13135 ||| INVOKING Berserk.
 13143 | Lair:1   | 13143 ||| Stepping ~*~*~tactically~*~*~ (stealth).
 13144 | Lair:1   | 13144 ||| Stepping ~*~*~tactically~*~*~ (stealth).
 13146 | Lair:1   | 13146 ||| INVOKING Brothers in Arms.
 13397 | Lair:1   | 13397 ||| INVOKING Berserk.
 13680 | Lair:1   | 13680 ||| READING scroll of enchant armour.
 13680 | Lair:1   | 13680 ||| ENCHANTING +0 pair of gloves.
 13735 | Lair:1   | 13735 ||| READING 8 scrolls of identify.
 13735 | Lair:1   | 13735 ||| IDENTIFYING lumpy ruby potion
 13842 | Lair:2   | 13842 ||| INVOKING Berserk.
 14110 | Lair:2   | 14110 ||| INVOKING Berserk.
 14113 | Lair:2   | Reached XP level 12. HP: 113/113 MP: 11/11
 14200 | Lair:2   | 14200 ||| Stepping ~*~*~tactically~*~*~ (stealth).
 14267 | Lair:2   | Reached skill level 13 in Fighting
 14324 | Lair:2   | 14324 ||| INVOKING Berserk.
 14335 | Lair:2   | Reached skill level 3 in Throwing
 14488 | Lair:2   | Noticed a four-headed hydra
 14489 | Lair:2   | 14489 ||| Stepping ~*~*~tactically~*~*~ (stealth).
 14490 | Lair:2   | Noticed a six-headed hydra
 14491 | Lair:2   | 14491 ||| Stepping ~*~*~tactically~*~*~ (stealth).
 14492 | Lair:2   | 14492 ||| INVOKING Berserk.
 14495 | Lair:2   | Killed a one-headed hydra
 14498 | Lair:2   | Reached skill level 12 in Armour
 14498 | Lair:2   | Killed a four-headed hydra
 14502 | Lair:2   | Reached skill level 6 in Dodging
 14646 | Lair:2   | Found a staircase to the Swamp.
 14792 | Lair:2   | 14792 ||| READING 7 scrolls of identify.
 14792 | Lair:2   | 14792 ||| IDENTIFYING purple potion
 14793 | Lair:2   | 14793 ||| DROPPING potion of brilliance.
 14900 | Lair:3   | 14900 ||| Stepping ~*~*~tactically~*~*~ (stealth).
 14922 | Lair:3   | Noticed a five-headed hydra
 14926 | Lair:3   | Noticed a four-headed hydra
 14927 | Lair:3   | 14927 ||| INVOKING Berserk.
 14931 | Lair:3   | Killed a two-headed hydra
 14939 | Lair:3   | Reached skill level 14 in Fighting
 14940 | Lair:3   | Killed a one-headed hydra
 15196 | Lair:3   | 15196 ||| INVOKING Berserk.
 15395 | Lair:3   | 15395 ||| INVOKING Berserk.
 15627 | Lair:3   | 15627 ||| Stepping ~*~*~tactically~*~*~ (stealth).
 15635 | Lair:3   | Noticed a five-headed hydra
 15637 | Lair:3   | 15637 ||| INVOKING Berserk.
 15640 | Lair:3   | Killed a two-headed hydra
 15648 | Lair:3   | 15648 ||| Stepping ~*~*~tactically~*~*~ (stealth).
 15649 | Lair:3   | 15649 ||| Stepping ~*~*~tactically~*~*~ (stealth).
 15803 | Lair:3   | Found a hole to the Spider Nest.
 15804 | Lair:3   | 15804 ||| INVOKING Brothers in Arms.
 15811 | Lair:3   | 15811 ||| READING 6 scrolls of identify.
 15811 | Lair:3   | 15811 ||| IDENTIFYING clear potion
 15822 | Lair:3   | 15822 ||| INVOKING Berserk.
 15843 | Lair:3   | 15843 ||| Stepping ~*~*~tactically~*~*~ (stealth).
 15848 | Lair:3   | 15848 ||| Stepping ~*~*~tactically~*~*~ (stealth).
 15852 | Lair:3   | 15852 ||| FLEEEEING.
 15853 | Lair:3   | 15853 ||| FLEEEEING.
 16146 | Lair:3   | 16146 ||| DROPPING potion of attraction.
 16154 | Lair:4   | Noticed a six-headed hydra
 16156 | Lair:4   | Reached skill level 15 in Fighting
 16156 | Lair:4   | Noticed a death yak
 16156 | Lair:4   | Noticed a death yak
 16156 | Lair:4   | Noticed Josephine
 16157 | Lair:4   | Noticed a death yak
 16157 | Lair:4   | Noticed a death yak
 16157 | Lair:4   | Noticed a death yak
 16159 | Lair:4   | 16159 ||| Stepping ~*~*~tactically~*~*~ (stealth).
 16161 | Lair:4   | 16161 ||| INVOKING Berserk.
 16165 | Lair:4   | Killed a death yak
 16166 | Lair:4   | Killed Josephine
 16169 | Lair:4   | Killed a death yak
 16170 | Lair:4   | Reached XP level 13. HP: 126/126 MP: 12/12
 16177 | Lair:4   | Reached skill level 16 in Fighting
 16546 | Lair:4   | 16546 ||| FLEEEEING.
 16548 | Lair:4   | 16548 ||| FLEEEEING.
 16549 | Lair:4   | 16549 ||| FLEEEEING.
 16550 | Lair:4   | 16550 ||| FLEEEEING.
 16551 | Lair:4   | 16551 ||| FLEEEEING.
 16552 | Lair:4   | 16552 ||| FLEEEEING.
 16553 | Lair:4   | 16553 ||| FLEEEEING.
 16563 | Lair:4   | 16563 ||| Stepping ~*~*~tactically~*~*~ (stealth).
 16569 | Lair:4   | 16569 ||| INVOKING Berserk.
 16722 | Lair:4   | 16722 ||| Stepping ~*~*~tactically~*~*~ (stealth).
 16724 | Lair:4   | 16724 ||| INVOKING Brothers in Arms.
 16727 | Lair:4   | 16727 ||| INVOKING Berserk.
 16821 | Lair:4   | Found a transporter.
 16922 | Lair:4   | Found a transporter.
 16930 | Lair:4   | Reached skill level 17 in Fighting
 17162 | Lair:5   | Entered Level 5 of the Lair of Beasts
 17201 | Lair:5   | 17201 ||| INVOKING Berserk.
 17221 | Lair:5   | 17221 ||| FLEEEEING.
 17222 | Lair:5   | 17222 ||| FLEEEEING.
 17223 | Lair:5   | 17223 ||| FLEEEEING.
 17228 | Lair:5   | 17228 ||| STAIRDANCE
 17358 | Lair:5   | 17358 ||| Stepping ~*~*~tactically~*~*~ (stealth).
 17359 | Lair:5   | 17359 ||| INVOKING Berserk.
 17381 | Lair:5   | Reached skill level 15 in Armour
 17423 | Lair:5   | 17423 ||| FLEEEEING.
 17424 | Lair:5   | 17424 ||| FLEEEEING.
 17425 | Lair:5   | 17425 ||| FLEEEEING.
 17426 | Lair:5   | 17426 ||| FLEEEEING.
 17427 | Lair:5   | 17427 ||| FLEEEEING.
 17428 | Lair:5   | 17428 ||| FLEEEEING.
 17432 | Lair:5   | 17432 ||| FLEEEEING.
 17433 | Lair:5   | 17433 ||| FLEEEEING.
 17434 | Lair:5   | 17434 ||| FLEEEEING.
 17436 | Lair:5   | 17436 ||| FLEEEEING.
 17437 | Lair:5   | 17437 ||| FLEEEEING.
 17438 | Lair:5   | 17438 ||| STAIRDANCE
 17615 | Lair:5   | 17615 ||| INVOKING Berserk.
 17632 | Lair:5   | 17632 ||| STAIRDANCE
 17957 | Lair:5   | 17957 ||| Stepping ~*~*~tactically~*~*~ (hiding).
 18066 | Lair:5   | 18066 ||| INVOKING Berserk.
 18256 | Lair:5   | 18256 ||| INVOKING Berserk.
 18272 | Lair:5   | Reached XP level 14. HP: 134/140 MP: 13/13
 18414 | Lair:5   | 18414 ||| Stepping ~*~*~tactically~*~*~ (stealth).
 18418 | Lair:5   | 18418 ||| INVOKING Berserk.
 18428 | Lair:5   | 18428 ||| Stepping ~*~*~tactically~*~*~ (stealth).
 18451 | Lair:5   | HP: 34/141 [death yak (9)]
 18452 | Lair:5   | 18452 ||| READING 12 scrolls of teleportation.
 18453 | Lair:5   | 18453 ||| DRINKING 3 potions of heal wounds.
 18454 | Lair:5   | 18454 ||| Stepping ~*~*~tactically~*~*~ (stealth).
 18455 | Lair:5   | 18455 ||| Stepping ~*~*~tactically~*~*~ (stealth).
 18456 | Lair:5   | 18456 ||| Stepping ~*~*~tactically~*~*~ (stealth).
 18463 | Lair:5   | 18463 ||| FLEEEEING.
 18468 | Lair:5   | 18468 ||| STAIRDANCE
 18763 | Lair:5   | 18763 ||| Stepping ~*~*~tactically~*~*~ (stealth).
 18882 | Lair:5   | Reached skill level 18 in Fighting
 18899 | Lair:5   | 18899 ||| INVOKING Berserk.
 19034 | Lair:5   | 19034 ||| INVOKING Berserk.
 19278 | Lair:5   | 19278 ||| Stepping ~*~*~tactically~*~*~ (stealth).
 19439 | Lair:5   | 19439 ||| INVOKING Berserk.
 19585 | Lair:5   | 19585 ||| INVOKING Berserk.
 19790 | Lair:5   | Found a viscous altar of Jiyva.
 19792 | Lair:5   | 19792 ||| FLEEEEING.
 19793 | Lair:5   | 19793 ||| FLEEEEING.
 19916 | Lair:5   | 19916 ||| FLEEEEING.
 19917 | Lair:5   | 19917 ||| FLEEEEING.
 19963 | Lair:5   | 19963 ||| FLEEEEING.
 19964 | Lair:5   | 19964 ||| FLEEEEING.
 20012 | Lair:5   | Found a staircase to the Slime Pits.
 20016 | Lair:5   | 20016 ||| INVOKING Berserk.
 20441 | Lair:5   | 20441 ||| PLANNING D:1-11
 20441 | Lair:5   | 20441 ||| DROPPING amulet of regeneration.
 20442 | Lair:5   | 20442 ||| DROPPING ring of protection from cold.
 20609 | D:11     | 20609 ||| FLEEEEING.
 20610 | D:11     | 20610 ||| FLEEEEING.
 20611 | D:11     | 20611 ||| STAIRDANCE
 20672 | D:11     | 20672 ||| STAIRDANCE
 21256 | D:11     | Reached skill level 19 in Fighting
 21333 | D:11     | 21333 ||| Stepping ~*~*~tactically~*~*~ (hiding).
 21335 | D:11     | 21335 ||| Stepping ~*~*~tactically~*~*~ (hiding).
 21625 | D:11     | 21625 ||| PLANNING D
 21625 | D:11     | 21625 ||| UPGRADING to +0 cloak.
 21731 | D:12     | 21731 ||| INVOKING Berserk.
 21828 | D:12     | 21828 ||| Stepping ~*~*~tactically~*~*~ (stealth).
 21833 | D:12     | 21833 ||| Stepping ~*~*~tactically~*~*~ (stealth).
 21843 | D:12     | 21843 ||| Stepping ~*~*~tactically~*~*~ (stealth).
 21859 | D:12     | 21859 ||| FLEEEEING.
 21860 | D:12     | 21860 ||| FLEEEEING.
 21861 | D:12     | 21861 ||| FLEEEEING.
 21862 | D:12     | 21862 ||| FLEEEEING.
 21863 | D:12     | 21863 ||| FLEEEEING.
 21864 | D:12     | 21864 ||| FLEEEEING.
 21865 | D:12     | 21865 ||| FLEEEEING.
 21983 | D:12     | 21983 ||| FLEEEEING.
 21986 | D:12     | 21986 ||| FLEEEEING.
 21987 | D:12     | 21987 ||| FLEEEEING.
 21988 | D:12     | 21988 ||| FLEEEEING.
 21989 | D:12     | 21989 ||| FLEEEEING.
 22185 | D:12     | 22185 ||| INVOKING Brothers in Arms.
 22188 | D:12     | 22188 ||| INVOKING Berserk.
 22368 | D:12     | Found a transporter.
 22378 | D:12     | Noticed Uwkeq's ghost (journeyman MiFi)
 22431 | D:12     | Found a transporter.
 22453 | D:12     | 22453 ||| Stepping ~*~*~tactically~*~*~ (stealth).
 22506 | D:12     | Noticed a broodmother
 22506 | D:12     | a floating eye changed into a broodmother
 22521 | D:12     | Noticed a quicksilver ooze
 22660 | D:12     | 22660 ||| INVOKING Brothers in Arms.
 22662 | D:12     | 22662 ||| INVOKING Berserk.
 22814 | D:12     | 22814 ||| READING scroll of enchant armour.
 22814 | D:12     | 22814 ||| ENCHANTING +1 pair of gloves.
 23112 | D:12     | 23112 ||| UPGRADING to +0 buckler.
 23164 | D:13     | 23164 ||| READING 11 scrolls of teleportation.
 23166 | D:13     | 23166 ||| FLEEEEING.
 23167 | D:13     | 23167 ||| FLEEEEING.
 23176 | D:13     | Reached skill level 1 in Shields
 23193 | D:13     | 23193 ||| Stepping ~*~*~tactically~*~*~ (hiding).
 23392 | D:13     | 23392 ||| Stepping ~*~*~tactically~*~*~ (stealth).
 23394 | D:13     | 23394 ||| Stepping ~*~*~tactically~*~*~ (stealth).
 23408 | D:13     | 23408 ||| INVOKING Trog's Hand.
 23414 | D:13     | Reached skill level 3 in Shields
 23423 | D:13     | 23423 ||| INVOKING Berserk.
 23445 | D:13     | Reached skill level 6 in Shields
 23450 | D:13     | Reached XP level 15. HP: 109/152 MP: 14/14
 23663 | D:13     | 23663 ||| Stepping ~*~*~tactically~*~*~ (hiding).
 23870 | D:13     | 23870 ||| Stepping ~*~*~tactically~*~*~ (stealth).
 24054 | D:13     | Found a gate to the Vaults.
 24171 | D:14     | 24171 ||| PLANNING GAUNTLET
 24185 | D:14     | Noticed Azrael
 24186 | D:14     | 24186 ||| Stepping ~*~*~tactically~*~*~ (hiding).
 24195 | D:14     | 24195 ||| INVOKING Brothers in Arms.
 24196 | D:14     | 24196 ||| INVOKING Berserk.
 24199 | D:14     | Killed Azrael
 24371 | D:14     | 24371 ||| FLEEEEING.
 24372 | D:14     | 24372 ||| FLEEEEING.
 24373 | D:14     | 24373 ||| FLEEEEING.
 24374 | D:14     | 24374 ||| FLEEEEING.
 24375 | D:14     | 24375 ||| FLEEEEING.
 24376 | D:14     | 24376 ||| FLEEEEING.
 24381 | D:14     | 24381 ||| FLEEEEING.
 24382 | D:14     | 24382 ||| FLEEEEING.
 24402 | D:14     | 24402 ||| FLEEEEING.
 24403 | D:14     | 24403 ||| STAIRDANCE
 24457 | D:13     | 24457 ||| DROPPING +6 ring of intelligence.
 24484 | D:14     | Noticed Agnes
 24485 | D:14     | 24485 ||| INVOKING Brothers in Arms.
 24486 | D:14     | 24486 ||| INVOKING Brothers in Arms.
 24487 | D:14     | 24487 ||| INVOKING Berserk.
 24496 | D:14     | Killed Agnes
 24703 | D:14     | 24703 ||| DRINKING 12 potions of curing.
 24703 | D:14     | 24703 ||| (to cure confusion)
 24704 | D:14     | 24704 ||| DRINKING 11 potions of curing.
 24704 | D:14     | 24704 ||| (to cure confusion)
 24709 | D:14     | Reached skill level 9 in Shields
 24716 | D:14     | 24716 ||| READING scroll of enchant weapon.
 24716 | D:14     | 24716 ||| ENCHANTING +0 war axe of flaming.
 24728 | D:14     | Found a gate leading to a gauntlet.
 24737 | Gauntlet | Entered a Gauntlet
 24737 | Gauntlet | Found a transporter.
 24737 | Gauntlet | Found a transporter.
 24737 | Gauntlet | Found a transporter.
 24738 | Gauntlet | Found a transporter.
 24740 | Gauntlet | Found a transporter.
 24742 | Gauntlet | Found a transporter.
 24749 | Gauntlet | Found a transporter.
 24750 | Gauntlet | Found a transporter.
 24751 | Gauntlet | Found a transporter.
 24753 | Gauntlet | Found a transporter.
 24761 | Gauntlet | Found a transporter.
 24762 | Gauntlet | Found a transporter.
 24913 | Gauntlet | 24913 ||| INVOKING Trog's Hand.
 24955 | Gauntlet | 24955 ||| Stepping randomly (stuck).
 24956 | Gauntlet | 24956 ||| Stepping randomly (stuck).
 24957 | Gauntlet | 24957 ||| Stepping randomly (stuck).
 24958 | Gauntlet | 24958 ||| Stepping randomly (stuck).
 24962 | Gauntlet | 24962 ||| DRINKING 2 potions of cancellation.
 24970 | Gauntlet | 24970 ||| DROPPING ring of magical power.
 24992 | Gauntlet | 24992 ||| INVOKING Berserk.
 25124 | Gauntlet | Identified the amulet of the Devil {Acrobat Str+2}
 25185 | Gauntlet | 25185 ||| UPGRADING to +2 plate armour of willpower.
 25195 | Gauntlet | 25195 ||| DROPPING +1 plate armour of willpower.
 25196 | Gauntlet | 25196 ||| DROPPING amulet of the Devil {Acrobat Str+2}.
 25207 | D:14     | 25207 ||| PLANNING D
 25391 | D:14     | 25391 ||| Stepping ~*~*~tactically~*~*~ (hiding).
 25401 | D:14     | 25401 ||| DRINKING potion of cancellation.
 25505 | D:14     | 25505 ||| Stepping ~*~*~tactically~*~*~ (stealth).
 25569 | D:14     | Noticed Louise
 25570 | D:14     | 25570 ||| INVOKING Trog's Hand.
 25571 | D:14     | 25571 ||| INVOKING Brothers in Arms.
 25572 | D:14     | 25572 ||| INVOKING Berserk.
 25582 | D:14     | Killed Louise
 25754 | D:14     | Reached skill level 6 in Throwing
 25881 | D:14     | Identified the +3 glaive of Regicide {drain, Dex+3 Stlth+}
 25947 | D:14     | 25947 ||| UPGRADING to +0 tower shield.
 25957 | D:14     | 25957 ||| DROPPING +0 buckler.
 25962 | D:15     | Entered Level 15 of the Dungeon
 25964 | D:15     | 25964 ||| Stepping ~*~*~tactically~*~*~ (stealth).
 25965 | D:15     | 25965 ||| Stepping ~*~*~tactically~*~*~ (hiding).
 25966 | D:15     | 25966 ||| STAIRDANCE
 25968 | D:14     | 25968 ||| INVOKING Berserk.
 26078 | D:15     | 26078 ||| STAIRDANCE
 26080 | D:14     | 26080 ||| INVOKING Berserk.
 26145 | D:15     | 26145 ||| STAIRDANCE
 26147 | D:14     | 26147 ||| INVOKING Berserk.
 26210 | D:15     | 26210 ||| Stepping ~*~*~tactically~*~*~ (hiding).
 26213 | D:15     | 26213 ||| STAIRDANCE
 26235 | D:15     | 26235 ||| Stepping ~*~*~tactically~*~*~ (hiding).
 26278 | D:15     | 26278 ||| Stepping ~*~*~tactically~*~*~ (stealth).
 26283 | D:15     | 26283 ||| Stepping ~*~*~tactically~*~*~ (hiding).
 26284 | D:15     | 26284 ||| Stepping ~*~*~tactically~*~*~ (hiding).
 26287 | D:15     | 26287 ||| INVOKING Berserk.
 26303 | D:15     | 26303 ||| Stepping ~*~*~tactically~*~*~ (stealth).
 26323 | D:15     | 26323 ||| Stepping ~*~*~tactically~*~*~ (stealth).
 26386 | D:15     | 26386 ||| Stepping ~*~*~tactically~*~*~ (stealth).
 26389 | D:15     | 26389 ||| INVOKING Berserk.
 26414 | D:15     | HP: 14/152 [white very ugly thing (46)]
 26415 | D:15     | 26415 ||| READING 12 scrolls of teleportation.
 26415 | D:15     | Annihilated by a white very ugly thing

Levels and vault maps discovered:
D:1:      lightli_arrival_lavapool, layout_basic, minmay_rat_gold_closets
D:2:      layout_rooms, basic_altar, shapermc_ecumenical_altar_mp_urbaneastern,
          serial_shops, nicolae_shop_hallway_plus, minmay_small_reverse_x
D:3:      layout_basic
D:4:      gammafunk_cloud_chamber, layout_layer_cave, serial_shops, shop
D:5:      minmay_razor_zed, layout_rooms, minmay_temple_entry_wispy
D:6:      layout_layer_cave, minmay_overflow_temple_star_quad
D:7:      layout_basic, uniq_duvessa, uniq_prince_ribbit1
D:8:      layout_loops_ring, minivault_24, mrwooster_statue_mirror, uniq_erica
D:9:      layout_roguey, david_orc_4, special_room [special_room_orc],
          serial_ice, serial_ice_m, serial_ice_f, serial_ice_n, serial_ice_c,
          serial_ice_l, hangedman_misty_isle
D:10:     layout_roguey, david_lair_shrubbed, serial_shops,
          nicolae_lakefront_shop
D:11:     layout_irregular_city, grunt_decor_fettered
D:12:     layout_basic, nzn_ghost_randoct, einodemon_armed_red_devil_minivault
D:13:     layout_loops_ring, hangedman_vaults_entry_quadrant_bands,
          serial_glass, glass_columns_b, glass_columns_a, glass_columns_a,
          glass_columns_b, glass_columns_a, glass_columns_c, glass_columns_b,
          glass_columns_b, due_unseen_surprise
D:14:     layout_roguey, minmay_misc_feat_iff, gauntlet_entry_generic,
          minmay_microvault, uniq_azrael, uniq_agnes, uniq_louise
D:15:     grunt_enter_depths_hoard, layout_basic,
          portal_ice_cave_entry_ugly_swarm, serial_glass, glass_columns_a,
          glass_columns_c, nicolae_concentric_dashed_squares_mild
Lair:1:   layout_gridlike
Lair:2:   layout_hall_layers, palyth_hydra_swamp_entry, grunt_megastairs_2
Lair:3:   layout_loops_ring, nicolae_spider_entry_orb_guardian, st_stairs_13
Lair:4:   gammafunk_worm_tunnel, layout_cave_shapes, grunt_megastairs_1,
          serial_bayou_shore_a, uniq_josephine
Lair:5:   grunt_lair_end_beastmaster, layout_small_grid,
          minmay_slime_entry_oklob_enclosed, ldierk_geyser, lemuel_fruit_tree,
          grunt_megastairs_4, infiniplex_staircase_pool

Skill      XL: |  1  2  3  4  5  6  7  8  9 10 11 12 13 14 15 |
---------------+----------------------------------------------+-----
Axes           | 4 5 7 9 10 12 14 16 | 16.0
Throwing       | 1 2 3 4 6 |  6.3
Fighting       | 4 6 7 9 10 12 15 17 19 | 19.0
Armour         | 3 5 7 11 13 15 17 | 17.0
Dodging        | 3 5 7 8 |  8.4
Shields        | 6 11 | 11.0

Action                   |  1- 3 |  4- 6 |  7- 9 | 10-12 | 13-15 || total
-------------------------+-------+-------+-------+-------+-------++-------
Melee: Hand axe          |    81 |    95 |   226 |    63 |       ||   465
       Headbutt          |     7 |    10 |    27 |    66 |   161 ||   271
       Punch             |       |       |     2 |     2 |     5 ||     9
       War axe           |       |       |       |   325 |   597 ||   922
Throw: Boomerang         |       |    48 |    67 |    91 |    89 ||   295
       Javelin           |       |       |       |       |     2 ||     2
Invok: Berserk           |       |     2 |    13 |    23 |    26 ||    64
       Brothers in Arms  |       |       |       |     3 |     6 ||     9
       Trog's Hand       |       |       |       |       |     3 ||     3
  Use: Scroll            |     8 |    10 |     7 |     7 |     5 ||    37
       Potion            |       |     1 |     1 |       |     5 ||     7
Armor: Animal skin       |    10 |       |       |       |       ||    10
       Leather armour    |     2 |    12 |       |       |       ||    14
       Chain mail        |       |    18 |    53 |     7 |       ||    78
       Plate armour      |       |       |       |   118 |   241 ||   359
Dodge: Dodged            |    42 |    37 |    89 |   144 |   283 ||   595
Block: Other             |       |     1 |    32 |       |       ||    33
       Reflection        |       |       |     2 |       |       ||     2
       Buckler           |       |       |       |       |    34 ||    34
       Tower shield      |       |       |       |       |    54 ||    54

Table legend:
 A = Non-vault XP
 B = Vault XP
 C = Vault XP percentage of total XP
 D = Non-vault monster count
 E = Vault monster count
 F = Vault count percentage of total count
                 A         B        C        D         E       F
            +---------+---------+-------+---------+---------+-------
      Total |   86849 |   44486 |  33.9 |     433 |     175 |  28.8
            +---------+---------+-------+---------+---------+-------
        D:1 |      40 |       8 |  16.7 |      25 |       8 |  24.2
        D:2 |      70 |      21 |  23.1 |      19 |       4 |  17.4
        D:3 |      34 |       0 |   0.0 |      10 |       0 |   0.0
        D:4 |     349 |       0 |   0.0 |      28 |       0 |   0.0
        D:5 |     814 |     459 |  36.1 |      20 |      12 |  37.5
        D:6 |     245 |       0 |   0.0 |      12 |       0 |   0.0
        D:7 |    1367 |     489 |  26.3 |      34 |       3 |   8.1
        D:8 |    1444 |     857 |  37.2 |      20 |       1 |   4.8
        D:9 |    3449 |    2835 |  45.1 |      26 |      56 |  68.3
       D:10 |    4316 |     350 |   7.5 |      26 |       1 |   3.7
       D:11 |    3024 |       0 |   0.0 |      17 |       0 |   0.0
       D:12 |    7273 |    1324 |  15.4 |      25 |       4 |  13.8
       D:13 |    5260 |    9036 |  63.2 |      12 |      19 |  61.3
       D:14 |   10851 |    5362 |  33.1 |      26 |      12 |  31.6
       D:15 |    1850 |    2326 |  55.7 |       5 |       4 |  44.4
     Lair:1 |    2289 |       0 |   0.0 |      11 |       0 |   0.0
     Lair:2 |    5125 |    3695 |  41.9 |      23 |       9 |  28.1
     Lair:3 |    6294 |    1487 |  19.1 |      25 |       2 |   7.4
     Lair:4 |   14322 |    2559 |  15.2 |      34 |       8 |  19.0
     Lair:5 |   18433 |   10215 |  35.7 |      35 |      22 |  38.6
   Gauntlet |       0 |    3463 | 100.0 |       0 |      10 | 100.0
            +---------+---------+-------+---------+---------+-------
